 Dungeon Crawl Stone Soup version 0.22.1-1-ga44c0e56f4 (webtiles) character file.

18626 Kaderl the Arsonist (level 12, 0/81 HPs)
             Began as a Human Fire Elementalist on Oct 6, 2018.
             Slain by a spiny frog (6 damage)
             ... on level 2 of the Lair of Beasts.
             The game lasted 01:37:30 (22079 turns).

Kaderl the Arsonist (Human Fire Elementalist)      Turns: 22079, Time: 01:37:31

Health: 0/81       AC:  4    Str:  9    XL:     12   Next: 97%
Magic:  3/26       EV: 14    Int: 23    God:
Gold:   712        SH:  0    Dex: 14    Spells: 9/32 levels left

rFire    . . .     SeeInvis .   D - staff of death
rCold    . . .     Gourm    .   (no shield)
rNeg     + . .     Faith    .   a - +2 robe
rPois    .         Spirit   .   (no helmet)
rElec    .         Reflect  .   (no cloak)
rCorr    .         Harm     .   (no gloves)
MR       .....                  (no boots)
Stlth    +++.......             (no amulet)
HPRegen  0.23/turn              w - +3 ring of intelligence
MPRegen  0.20/turn              q - ring of wizardry

@: about to teleport
A: no striking features
a: no special abilities


You were on level 2 of the Lair of Beasts.
You were not hungry.

You visited 3 branches of the dungeon, and saw 15 of its levels.

You collected 756 gold pieces.
You spent 44 gold pieces at shops.

Inventory:

Armour
 a - a +2 robe (worn)
Magical Staves
 D - an uncursed staff of death (weapon)
Jewellery
 q - a ring of wizardry (right hand)
 w - a +3 ring of intelligence (left hand)
Wands
 g - a wand of digging (15)
 k - a wand of flame (34)
 p - a wand of random effects (16)
 r - a wand of iceblast (1)
 y - a wand of paralysis (29)
 A - a wand of acid (3)
 F - a wand of polymorph (21)
Scrolls
 b - a scroll of magic mapping
 d - 5 scrolls of enchant armour
 e - 2 scrolls of teleportation
 t - 2 scrolls of immolation
 v - 4 scrolls of fog
 C - a scroll of enchant weapon
 E - 2 scrolls of noise
 G - a scroll of amnesia
Potions
 f - 2 potions of flight
 h - 3 potions of brilliance
 i - 3 potions of might
 j - a potion of agility
 l - a potion of ambrosia {unknown}
 m - 4 potions of curing
 n - 4 potions of mutation
 o - 2 potions of degeneration {unknown}
 u - 3 potions of cancellation {unknown}
 x - 3 potions of lignification
 H - 2 potions of resistance {unknown}
Miscellaneous
 B - a lightning rod (4/4)
 I - a phantom mirror
Comestibles
 c - 12 rations


   Skills:
 + Level 3.4 Fighting
 + Level 3.6 Dodging
 + Level 4.6 Stealth
 + Level 1.4 Unarmed Combat
 + Level 10.7 Spellcasting
 + Level 10.5 Conjurations
 + Level 2.0 Hexes
 + Level 11.4 Fire Magic
 + Level 2.4 Earth Magic
 + Level 1.4 Evocations


You had 9 spell levels left.
You knew the following spells:

 Your Spells              Type           Power        Failure   Level  Hunger
a - Flame Tongue          Conj/Fire      #####        1%          1    None
b - Throw Flame           Conj/Fire      ######       1%          2    None
c - Conjure Flame         Conj/Fire      ######..     1%          3    None
d - Inner Flame           Hex/Fire       #####...     1%          3    None
e - Fireball              Conj/Fire      ######....   1%          5    ####...
f - Sticky Flame          Conj/Fire      ######..     1%          4    #......
g - Bolt of Magma         Conj/Fire/Erth #####.....   2%          5    ####...

Your spell library contained the following spells:

 Spells                   Type           Power        Failure   Level  Hunger
 Confusing Touch          Hex            ###...       1%          1    None
 Beastly Appendage        Tmut           ##....       2%          1    None
 Infusion                 Chrm           ##..         2%          1    None
 Confuse                  Hex            ###.....     2%          3    None
 Shroud of Golubria       Chrm/Tloc      ##........   3%          2    None
 Song of Slaying          Chrm           ##......     3%          2    None
 Sticks to Snakes         Tmut           ##......     3%          2    None
 Spectral Weapon          Hex/Chrm       ###.....     4%          3    None
 Gell's Gravitas          Tloc           ##........   6%          3    None
 Regeneration             Chrm/Necr      ###.......   6%          3    None
 Spider Form              Tmut/Pois      ##........   6%          3    None
 Leda's Liquefaction      Hex/Erth       ###.......   9%          4    #......
 Petrify                  Tmut/Erth      ###.....     13%         4    #......
 Ice Form                 Ice/Tmut       ##......     21%         4    #......
 Iron Shot                Conj/Erth      #####.....   22%         6    ######.
 Metabolic Englaciation   Hex/Ice        ###.......   34%         5    ####...
 Yara's Violent Unravell  Hex/Tmut       ###.......   34%         5    ####...
 Blade Hands              Tmut           ##........   47%         5    ####...
 Statue Form              Tmut/Erth      ###......    86%         6    ######.
 Shatter                  Erth           ###.......   100%        9    #######


Dungeon Overview and Level Annotations

Branches:
Dungeon (11/15)            Temple (1/1) D:7            Lair (3/6) D:11
  Swamp: Lair:2-4    Shoals: Lair:2-4     Snake: Lair:2-4    Spider: Lair:2-4
    Orc: D:9-12

Altars:
Ashenzari
Cheibriados
Dithmenos
Elyvilon
Fedhas
Gozag
Hepliaklqana
Kikubaaqudgha
Makhleb
Nemelex Xobeh
Okawaru
Qazlal
Ru
Sif Muna
Trog
Uskayaw
Vehumet
Wu Jian
Xom
Yredelemnul
Zin
The Shining One

Shops:
D:4 *   D:7 ?

Annotations:
D:8 izoki's ghost, journeyman DsFi
Lair:2 1 runed door, Imisaob's ghost, journeyman TrBe


Message History

You don't have enough magic to cast that spell.
Unknown command.
Casting: Sticky Flame (safe; 1% risk of failure)
Confirm with . or Enter, or press ? or * to list all spells.
Okay, then.
The spiny frog burns!
The spiny frog misses you.
The spiny frog burns!
The spiny frog stops burning.
There is a stone staircase leading up here.
The spiny frog completely misses you.
You climb upwards.
Level annotation: 1 runed door, Imisaob's ghost, journeyman TrBe
There is a stone staircase leading down here.
Casting: Sticky Flame (safe; 1% risk of failure)
Confirm with . or Enter, or press ? or * to list all spells.
Okay, then.
Okay, then.
As you read the scroll of teleportation, it crumbles to dust.
You feel strangely unstable. The spiny frog barely misses you.
The spiny frog stings you.
You die...

♣♣...♣...♣♣#.
♣.♣♣hiWi}.♣#.
♣.♣##+##♣?♣..
♣♣#⌠...⌠#♣♣##
#.........##
####......P# #######
##...#P.##
##.F##.####...#..#.
##.@......###.......
#P........P##.......
#...........#.......
#...................
##........P.#.......
##..........+.......
#P........##........
#..+.###.####.......
###..##### #.......


You could see a spiny frog.

Vanquished Creatures
  A hydra (Lair:3)
  A two-headed ogre (D:11)
  Pikel (D:6)
  An oklob plant (Lair:2)
  An ugly thing (D:11)
  A centaur zombie (D:11)
  5 elephants
  7 spiny frogs
  A rime drake (Lair:1)
  2 komodo dragons
  2 trolls
  4 hippogriffs
  A shadow (D:11)
  27 yaks
  A basilisk (Lair:1)
  2 vampire mosquitoes (D:9)
  2 hungry ghosts
  An acid dragon (D:11)
  2 wargs (D:11)
  7 water moccasins
  3 porcupines (Lair:2)
  3 orc warriors
  An ice beast (D:5)
  4 sky beasts
  A phantom (D:10)
  4 ogres
  A necrophage (D:9)
  A big kobold (D:11)
  3 crocodiles (Lair:1)
  14 bullfrogs
  A scorpion (D:9)
  A water moccasin skeleton (D:4)
  3 killer bees (D:7)
  5 wights (D:11)
  3 howler monkeys
  3 crimson imps
  A jelly (D:8)
  2 bullfrog zombies
  5 orc priests
  3 hounds
  7 orc wizards
  A bullfrog skeleton (D:9)
  5 iguanas
  7 worker ants
  2 hound skeletons (D:5)
  A worker ant zombie (D:4)
  7 gnolls
  12 adders
  4 shadow imps
  2 adder skeletons
  An adder zombie (D:8)
  3 worms
  2 dart slugs
  5 leopard geckos
  21 orcs
  4 ball pythons
  7 bats
  5 giant cockroaches
  6 goblins
  7 hobgoblins
  3 jackals (D:10)
  2 quokkas (D:3)
  6 frilled lizards
  12 kobolds
  2 leopard gecko skeletons
  A leopard gecko zombie (D:5)
  6 rats
  A fungus (Lair:2)
  A plant (Lair:2)
275 creatures vanquished.

Vanquished Creatures (others)
  6 fungi (Lair:2)
  14 plants
20 creatures vanquished.

Grand Total: 295 creatures vanquished

Notes
Turn   | Place    | Note
-------+----------+-------------------------------------------
     0 | D:1      | Kaderl the Human Fire Elementalist began the quest for the
                  | Orb.
     0 | D:1      | Reached XP level 1. HP: 13/13 MP: 3/3
   516 | D:1      | Reached XP level 2. HP: 19/19 MP: 1/5
  1104 | D:1      | Learned a level 2 spell: Throw Flame
  1167 | D:2      | Found a hide-covered altar of Uskayaw.
  1167 | D:2      | Found a shattered altar of Ashenzari.
  1214 | D:2      | Found a sparkling altar of Nemelex Xobeh.
  1214 | D:2      | Found a white marble altar of Elyvilon.
  1216 | D:2      | Found a blossoming altar of Fedhas.
  1233 | D:2      | Found an opulent altar of Gozag.
  1255 | D:2      | Reached XP level 3. HP: 11/24 MP: 0/6
  1807 | D:2      | Reached XP level 4. HP: 29/30 MP: 2/7
  2030 | D:2      | Found a bloodstained altar of Trog.
  2132 | D:3      | Learned a level 3 spell: Conjure Flame
  2964 | D:3      | Reached XP level 5. HP: 31/35 MP: 0/9
  3154 | D:4      | Noticed a water moccasin
  3174 | D:4      | Noticed an ogre
  3443 | D:4      | Reached skill level 4 in Fire Magic
  3445 | D:4      | Found an iron altar of Okawaru.
  3664 | D:4      | Reached XP level 6. HP: 41/41 MP: 3/10
  3779 | D:4      | Killed an ogre
  4860 | D:5      | Entered Level 5 of the Dungeon
  4967 | D:5      | Reached XP level 7. HP: 47/47 MP: 12/12
  5392 | D:5      | Reached skill level 5 in Fire Magic
  5978 | D:5      | Found a glowing golden altar of the Shining One.
  6255 | D:5      | Reached XP level 8. HP: 53/53 MP: 13/13
  6474 | D:5      | Reached skill level 5 in Conjurations
  6574 | D:4      | Found Haluumyu's General Store.
  7101 | D:5      | Reached skill level 1 in Unarmed Combat
  7626 | D:6      | Learned a level 3 spell: Inner Flame
  7817 | D:6      | Found a deep blue altar of Sif Muna.
  8085 | D:6      | Noticed Pikel
  8341 | D:7      | Found Nuilloph's Magic Scroll Emporium.
  8364 | D:7      | Bought a scroll of identify for 22 gold pieces
  8364 | D:7      | Bought a scroll of identify for 22 gold pieces
  8569 | D:7      | Reached skill level 5 in Spellcasting
  8574 | D:7      | Reached skill level 6 in Fire Magic
  8924 | D:7      | Found a staircase to the Ecumenical Temple.
  8933 | Temple   | Entered the Ecumenical Temple
  9161 | D:6      | Killed Pikel
  9161 | D:6      | Reached XP level 9. HP: 37/58 MP: 0/17
  9424 | D:8      | Found a basalt altar of Yredelemnul.
  9803 | D:7      | Learned a level 5 spell: Fireball
  9898 | D:8      | Reached skill level 7 in Fire Magic
  9978 | D:8      | Noticed a hippogriff
  9983 | D:8      | Killed a hippogriff
 10089 | D:8      | Learned a level 4 spell: Sticky Flame
 10214 | D:8      | Reached skill level 1 in Hexes
 10235 | D:8      | Found a runed door.
 10235 | D:8      | Noticed izoki's ghost (journeyman DsFi)
 10575 | D:9      | Noticed a troll
 11220 | D:9      | Reached XP level 10. HP: 64/64 MP: 10/19
 11295 | D:9      | HP: 1/64 [vampire mosquito (7)]
 11678 | D:9      | Reached skill level 8 in Fire Magic
 11844 | D:9      | Reached skill level 1 in Evocations
 12580 | D:10     | Entered Level 10 of the Dungeon
 14072 | D:10     | Reached skill level 1 in Fighting
 14281 | D:10     | Reached XP level 11. HP: 52/70 MP: 6/23
 14373 | D:9      | Learned a level 5 spell: Bolt of Magma
 14386 | D:10     | Reached skill level 9 in Fire Magic
 15118 | D:11     | Found a staircase to the Lair.
 15597 | D:11     | Reached skill level 1 in Earth Magic
 16182 | D:11     | Noticed a two-headed ogre
 16311 | D:11     | Killed a two-headed ogre
 16620 | D:11     | Noticed a cyclops
 16672 | D:11     | Noticed a green ugly thing
 16678 | D:11     | Killed a green ugly thing
 16884 | Lair:1   | Entered Level 1 of the Lair of Beasts
 17056 | Lair:1   | Reached skill level 10 in Fire Magic
 17639 | Lair:1   | Reached XP level 12. HP: 78/78 MP: 15/25
 19280 | Lair:2   | Reached skill level 10 in Spellcasting
 19735 | Lair:1   | Reached skill level 10 in Conjurations
 20254 | Lair:2   | Reached skill level 11 in Fire Magic
 20452 | Lair:2   | Found a runed door.
 20455 | Lair:2   | Noticed Imisaob's ghost (journeyman TrBe)
 20456 | Lair:2   | Noticed a spriggan rider
 21716 | Lair:3   | Noticed a six-headed hydra
 21728 | Lair:3   | Killed a six-headed hydra
 21944 | Lair:3   | Got an encrusted quarterstaff
 21948 | Lair:3   | Identified the cursed +3 quarterstaff "Luatew" {venom, MR-
                  | Str+9 Int+4 Dex+2} (You found it on level 3 of the Lair of
                  | Beasts)
 22079 | Lair:2   | Slain by a spiny frog

Skill      XL: |  1  2  3  4  5  6  7  8  9 10 11 12 |
---------------+-------------------------------------+-----
Fire Magic     | 4 5 6 7 8 10 11 | 11.4
Conjurations   | 3 4 6 7 8 9 10 | 10.5
Spellcasting   | 3 5 6 8 9 10 | 10.7
Stealth        | 3 4 |  4.6
Unarmed Combat | 1 |  1.4
Hexes          | 1 2 |  2.0
Evocations     | 1 |  1.4
Dodging        | 3 |  3.6
Fighting       | 1 3 |  3.4
Earth Magic    | 1 2 |  2.4

Action                   |  1- 3 |  4- 6 |  7- 9 | 10-12 || total
-------------------------+-------+-------+-------+-------++-------
Melee: Unarmed           |    24 |    13 |    11 |       ||    48
       Staff             |       |       |       |     4 ||     4
 Cast: Flame Tongue      |    49 |   131 |   174 |   229 ||   583
       Throw Flame       |     3 |     2 |    60 |   104 ||   169
       Conjure Flame     |       |     5 |    15 |    43 ||    63
       Inner Flame       |       |       |     4 |     3 ||     7
       Fireball          |       |       |     2 |    27 ||    29
       Sticky Flame      |       |       |       |    49 ||    49
       Bolt of Magma     |       |       |       |    26 ||    26
Evoke: Wand              |       |     1 |    13 |    14 ||    28
  Use: Scroll            |       |     9 |    12 |    12 ||    33
       Potion            |       |       |       |     6 ||     6
  Eat: Ration            |     1 |     4 |     6 |    13 ||    24
Armor: Robe              |     5 |    12 |    21 |    20 ||    58
Dodge: Dodged            |    38 |    50 |    51 |    70 ||   209
